 Dungeon Crawl Stone Soup version 0.19.0-19-g8c6edcc (webtiles) character file.

40352 McCoppin the Warrior (level 13, -4/62 (63) HPs)
             Began as a Felid Abyssal Knight on Nov 11, 2016.
             Was an Elder of Lugonu.
             Slain by a death drake (10 damage)
             ... on level 1 of the Abyss on Nov 12, 2016.
             The game lasted 03:36:27 (45649 turns).

McCoppin the Warrior (Felid Abyssal Knight)        Turns: 45649, Time: 03:36:29

HP:   -4/62 (63)    AC:  5    Str:  6      XL:     13   Next: 74%
MP:   6/21          EV: 35    Int: 14      God:    Lugonu [****..]
Gold: 1204          SH:  0    Dex: 21 (22) Spells: 3 memorised, 11 levels left
                                        Lives: 0   Deaths: 3

rFire  . . .     SeeInvis +       - Unarmed
rCold  + . .     Gourm    .     (armour unavailable)
rNeg   . . .     Faith    +     (shield unavailable)
rPois  .         Spirit   .     (helmet unavailable)
rElec  .         Reflect  .     (cloak unavailable)
rCorr  .         Harm     .     (gloves unavailable)
MR     +....     Rnd*Rage +     (boots unavailable)
Stlth  +++++++...               n - amulet of faith
                                s - +5 ring of evasion
                                p - ring of wizardry

@: lethally poisoned (-4 -> -18), confusing touch (expiring), slowed, slow
A: no armour, no weapons or thrown items, stealth, antennae 1, claws 1, fangs 3,
thin skeletal structure 1, yellow scales 1, see invisible, berserk 1, carnivore
3, speed 1, frail 1, sense surroundings 1, shaggy fur 3, slow metabolism 1, weak
1, wild magic 1, sharp paws
a: Depart the Abyss, Bend Space, Banish, Corrupt, Renounce Religion


You were on level 1 of the Abyss.
You worshipped Lugonu.
Lugonu was greatly pleased with you.
You were full.

You visited 6 branches of the dungeon, and saw 26 of its levels.
You visited the Abyss 3 times.
You visited 1 bazaar.

You collected 2196 gold pieces.
You spent 992 gold pieces at shops.

Inventory:

Jewellery
 i - an uncursed ring of flight
 n - an amulet of faith (around neck)
 o - the ring of the Fool {Str+3 Stlth+}
   (You took it off a red devil on level 6 of the Lair of Beasts)

   [ring of stealth]

   It affects your strength (+3).
   It makes you more stealthy.
 p - a ring of wizardry (left paw)
 s - a +5 ring of evasion (right paw)
 F - an uncursed ring of wizardry
 H - a +3 ring of strength
 N - an uncursed amulet of harm {unknown}
 U - an uncursed amulet of magic regeneration {unknown}
Wands
 j - a wand of disintegration (0/24)
 q - a wand of flame (28/48)
 v - a wand of digging (17/24)
 L - a wand of iceblast (8/15)
 R - a wand of digging (10/24)
 Y - a wand of digging (14/24)
Scrolls
 c - 5 scrolls of recharging
 g - a scroll of immolation
 k - a scroll of fog
 l - 11 scrolls of remove curse
 m - a scroll of summoning
 y - 4 scrolls of amnesia
 A - 2 scrolls of vulnerability {unknown}
 B - 5 scrolls of fear
 D - 3 scrolls of silence
 I - a scroll of noise
 J - 4 scrolls of teleportation
 M - a scroll of magic mapping
 S - a scroll of holy word
Potions
 b - 2 potions of brilliance
 d - 4 potions of invisibility
 e - 3 potions of lignification
 h - 3 potions of berserk rage
 r - a potion of cancellation
 x - 2 potions of cure mutation {unknown}
 z - 4 potions of flight
 E - 3 potions of agility
 G - 2 potions of heal wounds
 K - 3 potions of might
 P - 3 potions of magic
 W - a potion of degeneration
Books
 u - a book of Dreams

   Spells                             Type                      Level
   a - Ensorcelled Hibernation        Hexes/Ice                    2
   b - Silence                        Hexes/Air                    5
   c - Darkness                       Hexes                        6
   d - Shadow Creatures               Summoning                    6
 w - the Papyrus of Bewitchment and Dark Arts
   (You acquired it on level 2 of the Orcish Mines)

   Spells                             Type                      Level
   a - Ensorcelled Hibernation        Hexes/Ice                    2
   b - Corpse Rot                     Necromancy                   2
   c - Agony                          Necromancy                   5
   d - Dispel Undead                  Necromancy                   5
   e - Discord                        Hexes                        8
Comestibles
 a - 10 meat rations
 f - 16 beef jerkies
 t - 4 slices of pizza
 Z - a royal jelly


   Skills:
 + Level 16.6 Fighting
 + Level 12.4 Dodging
 - Level 15.0 Stealth
 - Level 10.8 Unarmed Combat
 - Level 3.0 Spellcasting
 - Level 5.0 Hexes
 - Level 9.1 Transmutations
 - Level 10.5 Invocations


You had 11 spell levels left.
You knew the following spells:

 Your Spells              Type           Power        Failure   Level  Hunger
a - Beastly Appendage     Tmut           #####.       1%          1    #......
b - Confusing Touch       Hex            ###...       1%          1    #......
c - Blade Hands           Tmut           #####.....   10%         5    ######.


Dungeon Overview and Level Annotations

Branches:
Dungeon (15/15)            Temple (0/1) D:5            Lair (6/6) D:8
  Swamp (1/4) Lair:4        Snake (1/4) Lair:3        Slime (1/5) Lair:5
    Orc (2/2) D:12            Elf (0/3) Orc:2        Vaults (0/5) D:13
 Depths (0/5) D:15

Altars:
Ashenzari
Makhleb
Uskayaw
Zin
The Shining One
Jiyva

Shops:
D:5 (   D:11 *   D:13 [   Orc:2 }*[?   Snake:1 ==}

Portals:
Hell: Lair:6

Annotations:
D:10 corrupted
D:13 exclusion: 2 vault guards
Snake:1 Aizul
Abyss:1 Agnes, Snorg


Innate Abilities, Weirdness & Mutations

You cannot wear armour.
You are incapable of wielding weapons or throwing items.
Your paws allow you to move quietly. (Stealth)
You have sharp claws.
You have razor-sharp teeth.
You have supernaturally acute eyesight. (SInv)
You are carnivorous and can eat meat at any time.
You cover ground quickly.
Your thick and shaggy fur keeps you warm. (AC +3, rC+)
You have a slow metabolism.
Your sharp claws are effective at attacking unaware monsters.
You have a pair of small antennae on your head.
You have a somewhat thin skeletal structure. (Dex +2, Stealth)
You are partially covered in yellow scales. (AC +2)
You passively map a small area around you.
Your spells are a little harder to cast, but a little more powerful.
[You tend to lose your temper in combat.]
[You are frail. (-10% HP)]
[You are weak. (Str -2)]


Message History

Casting: Confusing Touch
Confirm with . or Enter, or press ? or * to list all spells.
Your paws begin to glow red.
The death drake completely misses you.
You scratch the death drake but do no damage.
You claw the death drake, but do no damage.
The death drake completely misses you.
You barely miss the death drake. The death drake breathes miasma at you.
The foul vapour engulfs you!
You are lethally poisoned!
You feel your flesh rotting away!
You feel ill.
* * * LOW HITPOINT WARNING * * *
You feel better.
You are engulfed in dark miasma.
You are lethally poisoned!
You feel your flesh rotting away!
You feel yourself slow down.
* * * LOW HITPOINT WARNING * * *
x2 You feel sick.
The death drake bites you!
You die...

.# #.. .. #.
.#.. .# #.# .
...# .#...# .
#..#. .#.#.#.
#..#.
.##.......
...##(.§.....#
#.#.k§§§....#
#...#@§§..# #
# ..#§###....
. # ###.§...
.. # .##. ..#.
... #.# # #
...#.# .
..!....
..###.. >..∩.
#... ......#.
. .. .##
......#.# .#.
#..#.# #


You could see a death drake.

Vanquished Creatures
  An orc warlord (Orc:1)
  Nessos (D:12)
  Josephine (Lair:6)
  Erolcha (D:13)
  A naga warrior (Snake:1)
  Fannar (D:11)
  4 centaur warriors
  A hell beast (Lair:6)
  4 ogre magi (Orc:2)
  A tengu warrior (D:15)
  A catoblepas (D:13)
  Urug (Lair:4)
  Nergalle (Orc:1)
  A wretched star (Abyss:2)
  2 unseen horrors
  2 skeletal warriors (D:15)
  5 orc knights
  A wizard (Lair:6)
  4 hill giants
  A lindwurm (Lair:6)
  A wolf spider zombie (D:15)
  A phantasmal warrior (D:14)
  An orc sorcerer (D:15)
  5 deep elf magi
  23 ugly things
  The ghost of Totomo the Spear-Bearer, a novice MiCK of Xom (D:7)
  A cyclops (D:15)
  A manticore (D:11)
  A sphinx skeleton (D:15)
  3 centaur zombies
  6 black mambas
  5 orange demons (Lair:6)
  A gargoyle (D:12)
  2 ice devils (Lair:6)
  9 komodo dragons
  9 spiny frogs
  5 kobold demonologists
  7 rime drakes
  A freezing wraith (D:15)
  A hellwing (Lair:6)
  A tengu conjurer (D:15)
  A hornet (Swamp:1)
  A wolf spider simulacrum (D:15)
  A harpy zombie (D:13)
  A polar bear (Lair:3)
  A meliai (D:15)
  A red devil (Lair:6)
  5 trolls
  5 dream sheep
  12 slime creatures
  16 two-headed ogres
  14 blink frogs
  8 hippogriffs
  A centaur simulacrum (D:14)
  A fire dragon skeleton (D:15)
  A vampire (D:14)
  5 wraiths
  A shadow (D:12)
  4 wyverns
  49 yaks
  4 spriggans
  2 hungry ghosts
  A yak (shapeshifter) (D:14)
  The ghost of Totomo the Stinger, an amateur DrVM (D:4)
  3 basilisks
  2 steam dragons (D:14)
  10 wargs
  A mottled dragon (D:14)
  2 nagas (Lair:3)
  7 water moccasins
  6 porcupines
  21 orc warriors
  8 sky beasts
  A swamp drake (Orc:2)
  A black bear (D:11)
  A wolf (Lair:4)
  2 phantoms
  5 ice beasts
  37 ogres
  A necrophage (D:9)
  23 centaurs
  12 crocodiles
  2 big kobolds
  Blork the orc (Orc:2)
  24 bullfrogs
  A gnoll sergeant (D:12)
  A water moccasin zombie (D:6)
  A wyvern skeleton (D:14)
  4 scorpions
  2 killer bees
  10 wights
  An electric eel (Lair:3)
  10 howler monkeys
  2 vampire bats (D:6)
  10 crimson imps
  4 bullfrog zombies
  14 hounds
  27 orc wizards
  3 quasits
  14 orc priests
  9 jellies
  2 bullfrog skeletons
  7 centaur skeletons
  2 iron imps
  An iguana (D:9)
  2 hell rats (Lair:3)
  8 worker ants
  2 hound zombies
  A hound skeleton (D:5)
  8 gnolls
  A howler monkey zombie (D:8)
  9 adders
  13 river rats
  2 shadow imps
  A white imp (Orc:2)
  2 oozes (D:1)
  A worm (D:2)
  2 dart slugs
  4 leopard geckos
  91 orcs
  6 giant cockroaches
  5 goblins
  8 hobgoblins
  10 jackals
  4 kobolds
  4 quokkas
  28 bats
  3 frilled lizards
  A jackal skeleton (D:5)
  A leopard gecko skeleton (D:9)
  A leopard gecko zombie (D:8)
  16 rats
785 creatures vanquished.

Vanquished Creatures (collateral kills)
  A bush (Lair:6)
1 creature vanquished.

Vanquished Creatures (others)
  5 hydras
  A cyclops (D:14)
  A torpor snail (Lair:5)
  A yak (Lair:6)
  A bullfrog (D:10)
  An orc priest (Orc:2)
  2 orc wizards (Orc:2)
  6 orcs (Orc:2)
  A bush (Lair:6)
  24 fungi
  13 plants
  2 starspawn tentacles (Abyss:2)
  12 withered plants (D:15)
70 creatures vanquished.

Grand Total: 856 creatures vanquished

Notes
Turn   | Place    | Note
-------+----------+-------------------------------------------
     0 | Abyss:1  | McCoppin the Felid Abyssal Knight began the quest for the Orb.
     0 | Abyss:1  | Reached XP level 1. HP: 10/10 MP: 3/3
    90 | Abyss:1  | Noticed a tentacled starspawn
   106 | Abyss:1  | Found a corrupted altar of Lugonu.
   115 | D:1      | Escaped the Abyss
   163 | D:1      | Reached skill level 1 in Stealth
   507 | D:1      | Reached XP level 2. HP: 14/14 MP: 4/4
   751 | D:1      | Reached * piety under Lugonu
  1138 | D:2      | Reached XP level 3. HP: 17/17 MP: 5/5
  1516 | D:2      | Reached skill level 5 in Stealth
  1866 | D:2      | Reached XP level 4. HP: 21/21 MP: 6/6
  2027 | D:2      | Found a faded altar of an unknown god.
  2401 | D:3      | Reached ** piety under Lugonu
  3023 | D:3      | Reached XP level 5. HP: 24/24 MP: 7/7
  3320 | D:4      | Noticed Totomo's ghost (amateur DrVM)
  3605 | D:4      | Noticed an ogre
  3789 | D:4      | Noticed an ogre
  3812 | D:4      | Learned a level 1 spell: Beastly Appendage
  3830 | D:3      | Gained mutation: Your spells are a little harder to cast, but a little more powerful. [potion of mutation]
  3830 | D:3      | Gained mutation: You passively map a small area around you. [potion of mutation]
  3830 | D:3      | Gained mutation: You have a somewhat thin skeletal structure. (Dex +2, Stealth) [potion of mutation]
  3831 | D:3      | Gained mutation: Your spells are harder to cast, but more powerful. [potion of beneficial mutation]
  4279 | D:4      | Killed an ogre
  4279 | D:4      | Gained mutation: You are covered in thick fur. (AC +2) [Felid growth]
  4279 | D:4      | Reached XP level 6. HP: 9/28 MP: 7/9
  4530 | D:5      | Entered Level 5 of the Dungeon
  4647 | D:5      | Noticed a sky beast
  4659 | D:5      | Killed a sky beast
  4723 | D:5      | Found a shattered altar of Ashenzari.
  4782 | D:5      | Reached XP level 7. HP: 15/31 MP: 11/11
  4939 | D:5      | Gained mutation: You have a pair of small antennae on your head. [potion of mutation]
  4939 | D:5      | Lost mutation: Your spells are harder to cast, but more powerful. [potion of mutation]
  4950 | D:5      | Found Rueteul's Weapon Shop.
  5332 | D:5      | Found a staircase to the Ecumenical Temple.
  5725 | D:5      | Reached *** piety under Lugonu
  5743 | D:5      | Found a hide-covered altar of Uskayaw.
  5745 | D:5      | Found a shattered altar of Ashenzari.
  6195 | D:6      | Reached skill level 5 in Unarmed Combat
  6195 | D:6      | Reached XP level 8. HP: 24/34 MP: 12/12
  6576 | D:6      | Reached skill level 5 in Dodging
  6704 | D:6      | Got an ichor-stained long sword
  6830 | D:6      | Identified the cursed +0 long sword of Salt {flame, Dex+5} (You found it on level 6 of the Dungeon)
  7153 | D:7      | Noticed Totomo's ghost (novice MiCK)
  7312 | D:7      | Gained mutation: You are partially covered in rugged brown scales. (AC +1, +3% HP) [mutagenic meat]
  7313 | D:7      | Gained mutation: You are partially covered in yellow scales. (AC +2) [mutagenic meat]
  7367 | D:7      | Learned a level 1 spell: Confusing Touch
  7480 | D:7      | Noticed a hippogriff
  7529 | D:7      | Reached skill level 5 in Invocations
  8003 | D:8      | Reached XP level 9. HP: 39/39 MP: 14/14
  8197 | D:8      | Reached **** piety under Lugonu
  8688 | D:8      | Found a glowing golden altar of the Shining One.
  9467 | D:7      | Reached ***** piety under Lugonu
  9582 | D:7      | Killed Totomo's ghost
  9641 | D:7      | Reached XP level 10. HP: 24/43 MP: 17/17
 10589 | D:8      | Found a staircase to the Lair.
 10955 | D:9      | Reached skill level 10 in Unarmed Combat
 11166 | D:9      | Reached skill level 4 in Fighting
 11453 | D:9      | Reached skill level 5 in Fighting
 11604 | D:9      | Reached skill level 10 in Invocations
 11971 | D:10     | Entered Level 10 of the Dungeon
 11983 | D:10     | Reached skill level 1 in Spellcasting
 12183 | D:10     | Reached skill level 6 in Fighting
 12244 | D:10     | Got a transparent jade amulet
 12863 | D:10     | Reached XP level 11. HP: 33/50 MP: 16/19
 13152 | D:10     | Identified the amulet of Sidok {Inacc rElec Dex+3} (You found it on level 10 of the Dungeon)
 13158 | D:10     | Corrupted D:10
 13158 | D:10     | Noticed a large abomination
 13158 | D:10     | Noticed a starcursed mass
 13158 | D:10     | Noticed a starcursed mass
 13160 | D:10     | Noticed a starcursed mass
 13160 | D:10     | Noticed a tentacled starspawn
 13161 | D:10     | Noticed a red very ugly thing
 13169 | D:10     | Noticed a mottled draconian scorcher
 13235 | D:10     | Noticed a large abomination
 13236 | D:10     | Noticed a large abomination
 13752 | Lair:1   | Entered Level 1 of the Lair of Beasts
 13936 | Lair:1   | Reached skill level 7 in Fighting
 14215 | D:8      | Reached skill level 10 in Stealth
 15766 | Lair:2   | Reached skill level 8 in Fighting
 16615 | Lair:2   | Reached ****** piety under Lugonu
 16686 | Lair:2   | Reached skill level 9 in Fighting
 17308 | Lair:3   | Found a staircase to the Snake Pit.
 18248 | Lair:4   | Found a staircase to the Swamp.
 18280 | Lair:4   | Gained mutation: Your thick and shaggy fur keeps you warm. (AC +3, rC+) [Felid growth]
 18280 | Lair:4   | Reached XP level 12. HP: 58/58 MP: 20/20
 18564 | Lair:4   | Noticed a seven-headed hydra
 18577 | Lair:4   | Noticed Urug
 18741 | Lair:4   | Found a glowing silver altar of Zin.
 18747 | Lair:4   | Reached skill level 10 in Fighting
 18790 | Lair:4   | Banished a seven-headed hydra
 18805 | Lair:4   | Killed Urug
 19715 | Lair:5   | Found a staircase to the Slime Pits.
 19715 | Lair:5   | Found a viscous altar of Jiyva.
 20192 | Lair:6   | Entered Level 6 of the Lair of Beasts
 20334 | Lair:5   | Reached skill level 11 in Fighting
 21006 | Lair:6   | Noticed Josephine
 21083 | Lair:6   | Killed Josephine
 21378 | Lair:6   | Noticed a seven-headed hydra
 21652 | Lair:6   | Noticed a five-headed hydra
 21670 | Lair:6   | Banished a five-headed hydra
 21670 | Lair:6   | Reached skill level 15 in Stealth
 21682 | Lair:6   | Noticed a dire elephant
 22028 | Lair:6   | Reached XP level 13. HP: 54/65 MP: 19/21
 22062 | Lair:6   | Reached skill level 12 in Fighting
 22510 | Lair:5   | HP: 3/65 [poisoned by a black mamba]
 22518 | Lair:5   | HP: 3/65 [poisoned by a black mamba]
 23915 | D:11     | Noticed Fannar
 23949 | D:11     | Killed Fannar
 24103 | D:11     | Found Najinn's General Store.
 24116 | D:11     | Bought a scroll of identify for 32 gold pieces
 24116 | D:11     | Bought a scroll of identify for 32 gold pieces
 24116 | D:11     | Bought a potion of heal wounds for 80 gold pieces
 24116 | D:11     | Bought a scroll of holy word for 120 gold pieces
 25266 | D:12     | Found a staircase to the Orcish Mines.
 25298 | D:12     | Reached skill level 13 in Fighting
 25300 | D:12     | Noticed Nessos
 25346 | D:12     | Killed Nessos
 26364 | D:12     | Reached skill level 5 in Hexes
 26385 | D:12     | Shot with an arrow by a centaur warrior
 26386 | D:12     | Reached XP level 12. HP: 0/64 MP: 20/20
 26456 | D:12     | Upgraded the game from 0.19.0-18-g426998a to 0.19.0-19-g8c6edcc
 26572 | D:13     | Noticed a vault guard
 26572 | D:13     | Noticed a vault guard
 26619 | D:13     | Reached skill level 1 in Transmutations
 26755 | D:13     | Found Nangewig's Antique Armour Shop.
 26898 | D:13     | Noticed a catoblepas
 26902 | D:13     | Killed a catoblepas
 26938 | D:13     | Found a gate to the Vaults.
 26938 | D:13     | Noticed a vault guard
 26938 | D:13     | Noticed a vault guard
 26938 | D:13     | Noticed a vault guard
 27056 | D:13     | Noticed Erolcha
 27095 | D:13     | Noticed a centaur warrior
 27109 | D:13     | Killed a centaur warrior
 27430 | D:13     | Killed Erolcha
 27548 | D:14     | Noticed a centaur warrior
 27685 | D:14     | Reached XP level 13. HP: 52/69 MP: 21/21
 28094 | D:14     | Noticed Snorg
 28094 | D:14     | Banished Snorg
 28656 | D:14     | Reached skill level 14 in Fighting
 28656 | D:14     | Reached skill level 5 in Transmutations
 29950 | D:15     | Entered Level 15 of the Dungeon
 29952 | D:15     | Noticed Agnes
 30668 | Orc:1    | Entered Level 1 of the Orcish Mines
 31017 | Orc:1    | Noticed Nergalle
 31043 | Orc:1    | Killed Nergalle
 31278 | Orc:1    | Noticed an orc warlord
 31468 | Orc:1    | Killed an orc warlord
 31563 | Orc:2    | Entered Level 2 of the Orcish Mines
 31946 | Orc:2    | Found a staircase to the Elven Halls.
 32002 | Orc:2    | Learned a level 5 spell: Blade Hands
 33126 | Orc:2    | Noticed Blork the orc
 33749 | Orc:2    | Reached XP level 14. HP: 41/74 MP: 22/22
 33978 | Orc:2    | Reached skill level 15 in Fighting
 33994 | Orc:2    | Killed Blork the orc
 34429 | Orc:2    | Found Toigibb's General Store.
 34429 | Orc:2    | Found Orchofem's Magic Scroll Shoppe.
 34429 | Orc:2    | Found Coemochu's Gadget Emporium.
 34429 | Orc:2    | Found Ifuvea's Antique Armour Shop.
 34870 | Orc:2    | Bought a scroll of identify for 26 gold pieces
 34870 | Orc:2    | Bought a scroll of acquirement for 676 gold pieces
 34870 | Orc:2    | Bought a scroll of identify for 26 gold pieces
 34882 | Orc:2    | Identified the Papyrus of Bewitchment and Dark Arts (You acquired it on level 2 of the Orcish Mines)
 36899 | D:15     | HP: 2/75 [Agnes/lajatang of venom (20)]
 36900 | D:15     | Succumbed to Agnes's poison
 36901 | D:15     | Reached XP level 13. HP: -3/71 MP: 16/21
 37079 | D:15     | Found a staircase to the Depths.
 37734 | D:15     | Lost mutation: You are partially covered in rugged brown scales. (AC +1, +3% HP) [mutagenic meat]
 38867 | D:14     | Reached skill level 10 in Dodging
 39372 | D:15     | Slain by a slime creature
 39373 | D:15     | Reached XP level 12. HP: 0/66 MP: 18/20
 40094 | D:4      | Killed Totomo's ghost
 41301 | D:12     | Reached skill level 16 in Fighting
 41391 | D:13     | Noticed a seven-headed hydra
 41572 | D:13     | Noticed a vault guard
 41573 | D:13     | Noticed a vault guard
 41710 | D:14     | Reached XP level 13. HP: 49/70 MP: 16/21
 41830 | D:15     | Banished Agnes
 43317 | Lair:6   | Got a scorched wooden ring
 43391 | Lair:6   | Identified the ring of the Fool {Str+3 Stlth+} (You took it off a red devil on level 6 of the Lair of Beasts)
 43625 | Lair:6   | HP: 2/71 [rime drake (4)]
 44099 | Lair:6   | Found a burning altar of Makhleb.
 44177 | Lair:6   | Found a gateway to Hell.
 44368 | Snake:1  | Entered Level 1 of the Snake Pit
 44396 | Snake:1  | Found Xiut Omi's Jewellery Boutique.
 44397 | Snake:1  | Found Pumontud's Gadget Shoppe.
 44398 | Snake:1  | Found Kyez's Jewellery Boutique.
 44428 | Snake:1  | Found a flickering gateway to a bazaar.
 44447 | Bazaar   | Entered a bazaar
 44462 | Bazaar   | Found Jakhleufe's Antique Armour Emporium.
 44503 | Bazaar   | Found Femosm's Weapon Emporium.
 44503 | Bazaar   | Found Benaerch's Weapon Shoppe.
 44552 | Snake:1  | Noticed Aizul
 44760 | Abyss:1  | Noticed a starcursed mass
 44918 | Abyss:2  | Found a corrupted altar of Lugonu.
 45108 | Abyss:2  | Noticed a tentacled starspawn
 45135 | Lair:3   | Escaped the Abyss
 45503 | Swamp:1  | Entered Level 1 of the Swamp
 45595 | Slime:1  | Entered Level 1 of the Pits of Slime
 45595 | Slime:1  | Noticed an acid blob
 45649 | Abyss:1  | Slain by a death drake

Skill      XL: |  1  2  3  4  5  6  7  8  9 10 11 12 13 14 |
---------------+-------------------------------------------+-----
Stealth        | 2 4 5 6 7 9 11 15 | 15.0
Invocations    | 3 4 5 8 10 | 10.5
Unarmed Combat | 3 5 7 9 10 | 10.8
Dodging        | 6 8 12 9 | 12.4
Fighting       | 6 9 16 14 15 | 16.6
Spellcasting   | 2 3 |  3.0
Hexes          | 5 |  5.0
Transmutations | 3 8 9 |  9.1

Action                   |  1- 3 |  4- 6 |  7- 9 | 10-12 | 13-15 || total
-------------------------+-------+-------+-------+-------+-------++-------
Melee: Unarmed           |   111 |   101 |   417 |  1023 |  1635 ||  3287
       Bite              |     4 |    12 |    60 |   143 |   255 ||   474
       Punch             |       |     1 |    10 |    52 |   106 ||   169
 Cast: Confusing Touch   |       |       |     4 |   118 |   162 ||   284
       Blade Hands       |       |       |       |     4 |    51 ||    55
Invok: Depart the Abyss  |     1 |       |       |       |     1 ||     2
       Bend Space        |       |     1 |       |     3 |     9 ||    13
       Corrupt           |       |       |       |     1 |       ||     1
       Banish            |       |       |       |     6 |    12 ||    18
       Enter the Abyss   |       |       |       |       |     2 ||     2
Evoke: Wand              |       |       |     3 |       |     3 ||     6
  Use: Scroll            |       |     6 |     2 |     9 |    18 ||    35
       Potion            |       |     3 |     5 |     1 |     7 ||    16
 Stab: Sleeping          |     7 |    10 |    24 |    50 |    27 ||   118
       Distracted        |       |     2 |     2 |     5 |    14 ||    23
       Invisible         |       |       |     2 |       |       ||     2
       Confused          |       |       |     2 |    81 |   119 ||   202
  Eat: Chunk             |     9 |     2 |    16 |    31 |    55 ||   113
       Beef jerky        |       |       |       |     2 |       ||     2
       Meat ration       |       |       |       |       |     2 ||     2
Armor: Skin              |     2 |     3 |    23 |    36 |    65 ||   129
Dodge: Dodged            |    81 |    64 |   386 |   760 |  1447 ||  2738
